 Dungeon Crawl Stone Soup version 0.23.2-33-g5129a83184 (console) character file.

Game seed: 5982879939910474921

1463 FlyingSalmon the Cudgeler (level 8, -1/48 HPs)
             Began as a Gargoyle Fighter on July 28, 2019.
             Slain by a yak (11 damage)
             ... on level 6 of the Dungeon.
             The game lasted 00:18:24 (6813 turns).

FlyingSalmon the Cudgeler (Gargoyle Fighter)        Turns: 6813, Time: 00:18:25

Health: -1/48      AC: 13    Str: 22    XL:     8   Next: 77%
Magic:  8/8        EV: 12    Int:  9    God:
Gold:   98         SH:  5    Dex: 14    Spells: 7/7 levels left

rFire    + . .     SeeInvis .   a - +0 flail
rCold    + . .     Gourm    .   w - +0 buckler
rNeg     + . .     Faith    .   b - +0 scale mail
rPois    ∞         Spirit   .   (no helmet)
rElec    +         Reflect  .   A - scarf {rC+ rF+}
rCorr    +         Harm     .   (no gloves)
MR       .....                  (no boots)
Stlth    ..........             i - amulet of rage
HPRegen  0.16/turn              m - +5 ring of dexterity
MPRegen  0.11/turn              H - ring of resist corrosion

@: no status effects
A: negative energy resistance 1, electricity resistance, unbreathing,
petrification resistance, rot immunity, AC +5
a: Evoke Berserk Rage


You were on level 6 of the Dungeon.
You were not hungry.

You visited 1 branch of the dungeon, and saw 7 of its levels.

You collected 345 gold pieces.
You spent 247 gold pieces at shops.

Inventory:

Hand Weapons
 a - a +0 flail (weapon)
Missiles
 k - 184 stones (quivered)
Armour
 b - a +0 scale mail (worn)
 c - a +0 shield
 e - a +0 ring mail
 l - a +0 large shield
 w - a +0 buckler (worn)
 A - a scarf of resistance (worn)
Jewellery
 i - an amulet of rage (around neck)
 m - a +5 ring of dexterity (left hand)
 u - a +1 ring of evasion
 v - an uncursed ring of flight
 y - an uncursed ring of fire
 H - a ring of resist corrosion (right hand)
Wands
 C - a wand of paralysis (2)
 G - a wand of flame (7)
Scrolls
 h - 5 scrolls of teleportation
 s - 6 scrolls of remove curse
 t - 2 scrolls of enchant weapon {unknown}
 z - a scroll of magic mapping {unknown}
 B - a scroll of immolation {unknown}
 D - 2 scrolls of amnesia {unknown}
 E - a scroll of enchant armour {unknown}
 J - a scroll of brand weapon {unknown}
 L - a scroll of blinking {unknown}
Potions
 d - a potion of might
 g - 3 potions of haste {unknown}
 j - 6 potions of curing
 n - 2 potions of brilliance
 o - 2 potions of resistance
 p - a potion of heal wounds {unknown}
 q - 2 potions of lignification {unknown}
 r - a potion of ambrosia {unknown}
 x - 2 potions of agility {unknown}
 F - a potion of flight {unknown}
 I - a potion of magic {unknown}
Comestibles
 f - 9 rations


   Skills:
 + Level 4.9 Fighting
 + Level 6.5 Maces & Flails
 + Level 5.8 Armour
 * Level 3.4 Dodging
 + Level 6.0 Shields


You had 7 spell levels left.
You didn't know any spells.
Your spell library contained the following spells:

 Spells                   Type           Power        Failure   Level  Hunger
 Confusing Touch          Hex            #.....       69%         1    ##.....
 Confuse                  Hex            #.......     96%         3    ####...
 Gell's Gravitas          Tloc           #.........   96%         3    ####...
 Petrify                  Tmut/Erth      #.......     100%        4    #####..
 Metabolic Englaciation   Hex/Ice        #.........   100%        5    ######.
 Yara's Violent Unravell  Hex/Tmut       #.........   100%        5    ######.


Dungeon Overview and Level Annotations

Branches:
Dungeon (7/15)
 Temple: D:4-7

Altars:
Fedhas
Uskayaw
Yredelemnul

Shops:
D:5 !   D:6 [

Annotations:
D:4 Sigmund


Innate Abilities, Weirdness & Mutations

You are resistant to torment.
Your stone body is resilient. (AC +5)
You are immune to poison.
You resist negative energy. (rN+)
You are resistant to electric shocks. (rElec)
You can survive without breathing.
You are immune to petrification.
You are immune to rotting.


Message History

You are too injured to fight recklessly!
You are too injured to fight recklessly!
You are too injured to fight recklessly!
You sock the yak!
The yak is moderately wounded.
You block the yak's attack.
You thump the yak!
The yak is heavily wounded.
The yak barely misses you.
You hit the yak.
The yak is heavily wounded.
You block the yak's attack.
You hit the yak but do no damage.
The yak is heavily wounded.
The yak gores you.
* * * LOW HITPOINT WARNING * * *
You hit the yak but do no damage.
The yak is heavily wounded.
The yak gores you!
You die...

##..#.......#...#......#....)...#
#####.......#...#......#........#
#...........#..[##.....#........#
#...........#...##'#####........#
#...........#...##.....#........#
#....#####'##..(##.....'........#
#....#..........##.....#........#
'....#..<.......###)####........#
#....+..........@YY....#........#
#....###[#########.....#........#
#................#.<>..#........#
#................#.....#........#
#................#######........#
................................#
................................#
................................#
.....############...............#


You could see 2 yaks.

Vanquished Creatures
  A phantom (D:6)
  An ogre (D:5)
  2 centaurs (D:5)
  2 bullfrogs
  A scorpion (D:5)
  3 wights
  A howler monkey (D:6)
  3 crimson imps
  A centaur zombie (D:5)
  2 hounds (D:4)
  3 orc wizards
  A bullfrog zombie (D:5)
  2 bullfrog skeletons
  2 iguanas
  3 worker ants
  4 gnolls (D:2)
  A howler monkey skeleton (D:6)
  9 adders
  2 oozes
  An adder skeleton (D:5)
  6 leopard geckos
  40 orcs
  10 bats
  7 giant cockroaches
  3 goblins
  8 hobgoblins
  5 jackals
  6 frilled lizards
  A kobold (D:3)
  3 leopard gecko skeletons
  A quokka skeleton (D:4)
  11 rats
146 creatures vanquished.

Notes
Turn   | Place    | Note
-------+----------+-------------------------------------------
     0 | D:1      | FlyingSalmon the Gargoyle Fighter began the quest for the
                  | Orb.
     0 | D:1      | Reached XP level 1. HP: 14/14 MP: 1/1
    79 | D:1      | Reached XP level 2. HP: 19/19 MP: 2/2
   385 | D:1      | Reached XP level 3. HP: 23/23 MP: 3/3
   805 | D:2      | Reached XP level 4. HP: 24/28 MP: 4/4
   828 | D:2      | Found a basalt altar of Yredelemnul.
  1312 | D:2      | Reached XP level 5. HP: 33/33 MP: 5/5
  2529 | D:4      | Reached skill level 1 in Dodging
  2588 | D:4      | Reached XP level 6. HP: 21/38 MP: 6/6
  3530 | D:4      | Noticed Sigmund
  3576 | D:5      | Entered Level 5 of the Dungeon
  3626 | D:5      | Reached XP level 7. HP: 41/43 MP: 7/7
  4103 | D:5      | Reached skill level 5 in Maces & Flails
  4121 | D:5      | Reached skill level 5 in Armour
  4121 | D:5      | Reached skill level 5 in Shields
  4352 | D:5      | Identified the +4 war axe "Plog" {drain, rF++ Dex+4}
  4439 | D:5      | Reached XP level 8. HP: 34/48 MP: 8/8
  5130 | D:5      | Found Temeow's Distillery.
  5133 | D:5      | Bought 2 potions of curing for 78 gold pieces
  5133 | D:5      | Bought a potion of curing for 39 gold pieces
  6057 | D:6      | Found Plog's Antique Armour Emporium.
  6062 | D:6      | Bought a buckler for 130 gold pieces
  6224 | D:6      | Noticed a +0 hand axe
  6225 | D:6      | Noticed a -2 hand axe
  6228 | D:6      | Found a hide-covered altar of Uskayaw.
  6251 | D:6      | Found a blossoming altar of Fedhas.
  6783 | D:7      | Noticed a yak
  6783 | D:7      | Noticed a yak
  6783 | D:7      | Noticed a yak
  6813 | D:6      | Slain by a yak

Skill      XL: |  1  2  3  4  5  6  7  8 |
---------------+-------------------------+-----
Maces & Flails | 3 4 5 6 |  6.5
Armour         | 4 5 |  5.8
Shields        | 4 5 6 |  6.0
Dodging        | 1 2 3 |  3.4
Fighting       | 4 |  4.9

Action                   |  1- 3 |  4- 6 |  7- 9 || total
-------------------------+-------+-------+-------++-------
Melee: Flail             |   139 |   279 |   327 ||   745
Throw: Stone             |       |    52 |    27 ||    79
  Use: Scroll            |     1 |     3 |     2 ||     6
  Eat: Chunk             |       |     9 |     8 ||    17
       Ration            |       |       |     1 ||     1
Armor: Scale mail        |    60 |   128 |   101 ||   289
Dodge: Dodged            |    32 |    89 |   110 ||   231
Block: Shield            |    91 |   137 |   111 ||   339
       Buckler           |       |       |    22 ||    22
